Map: Dusk Towers

Players

avilo

  • Race: Terran Terran
  • League: Master

BowmanSX (bowman) - Winner!

  • Race: Protoss Protoss
  • League: Master

VOD

Have the link to the VOD?

Description

Time

  • Played on: Feb. 3, 2016, 11:21 a.m.
  • Length: 35:32
Show
View Real Time Build Order
Export as new Build Order

avilo Terran 

Build Orders: Mech 

Get SALT Encoding   

  12  0:01  SCV  
  13  0:13  SCV  
  14  0:23  Supply Depot  
  14  0:25  SCV  
  15  0:29  Refinery  
  15  0:45  SCV  
  15  0:48  Barracks  
  17  0:57  SCV  
  17  1:10  SCV  
  18  1:23  SCV  
  19  1:36  Orbital Command  
  19  1:42  Barracks Reactor  
  19  1:54  Command Center  
  19  2:02  SCV  
  19  2:03  Supply Depot  
  20  2:09  Refinery  
  20  2:14  SCV  
  21  2:17  Factory  
  21  2:20  Marine x2  
  23  2:26  SCV  
  24  2:38  SCV  
  25  2:45  Marine x2  
  25  2:50  SCV  
  27  2:54  Engineering Bay  
  27  3:02  Factory Tech Lab, SCV  
  27  3:03  Marine x2  
  30  3:06  Orbital Command  
  30  3:15  SCV  
  30  3:19  Starport  
  31  3:27  SCV  
  32  3:29  Cyclone  
  32  3:32  SCV  
  36  3:41  Missile Turret  
  36  3:42  SCV  
  36  3:44  SCV  
  36  3:46  Missile Turret  
  38  3:54  SCV  
  39  3:56  SCV  
  39  3:59  Supply Depot  
  40  4:06  SCV  
  40  4:08  Marine x2, SCV  
  44  4:18  SCV  
  44  4:20  Medivac, SCV  
  44  4:21  Cyclone  
  51  4:26  Supply Depot  
  51  4:30  SCV  
  52  4:32  SCV  
  53  4:43  SCV  
  53  4:45  Command Center  
  54  4:48  SCV  
  55  4:56  SCV  
  53  5:00  SCV  
  53  5:06  Cyclone  
  57  5:08  SCV  
  57  5:11  Refinery  
  57  5:12  Refinery  
  58  5:16  Factory  
  58  5:17  SCV  
  58  5:18  Factory  
  58  5:20  SCV  
  60  5:27  Barracks Reactor  
  60  5:30  SCV  
  60  5:32  Bunker, SCV  
  60  5:35  Factory  
  62  5:37  Starport Reactor  
  62  5:42  Supply Depot x2  
  62  5:56  Siege Tank, SCV x2  
  67  6:05  Supply Depot x2  
  67  6:09  Bunker, SCV x2  
  69  6:18  Factory  
  69  6:21  SCV  
  69  6:22  SCV  
  69  6:25  Starport Reactor  
  71  6:27  Widow Mine x4  
  71  6:28  Missile Turret  
  71  6:29  Widow Mine x2  
  71  6:31  Armory  
  83  6:33  Orbital Command  
  83  6:34  SCV x2  
  85  6:41  Supply Depot  
  85  6:45  Supply Depot  
  85  6:46  SCV x2  
  87  6:49  Supply Depot  
  87  6:58  SCV x2  
  87  6:59  Refinery, SCV  
  87  7:00  Refinery  
  90  7:03  Factory Tech Lab  
  90  7:08  Missile Turret  
  90  7:10  Widow Mine x3, SCV  
  90  7:14  SCV  
  90  7:15  SCV  
  99  7:20  Missile Turret  
  99  7:21  Supply Depot  
  99  7:22  SCV  
  100  7:23  Thor  
  100  7:26  Medivac  
  100  7:27  Medivac  
  100  7:29  Drilling Claws  
  110  7:33  Terran Vehicle Weapons Level 1  
  110  7:37  SCV  
  110  7:38  SCV x2  
  110  7:43  Missile Turret  
  113  7:46  Supply Depot  
  113  7:51  Supply Depot  
  113  7:55  Thor, Widow Mine x3  
  113  7:56  Widow Mine  
  113  7:58  SCV  
  128  7:59  SCV  
  128  8:00  SCV  
  128  8:03  Supply Depot  
  130  8:16  SCV x3  
  130  8:19  Thor, Widow Mine x2  
  135  8:24  Widow Mine  
  135  8:26  Supply Depot  
  135  8:27  Supply Depot  
  137  8:32  SCV x3  
  140  8:43  Thor, Widow Mine x3  
  140  8:44  Command Center, SCV  
  151  8:51  Supply Depot  
  151  8:56  Starport  
  151  9:01  Starport  
  153  9:06  Supply Depot  
  153  9:07  Supply Depot  
  153  9:09  Armory  
  153  9:11  Armory  
  153  9:12  Missile Turret  
  153  9:13  Missile Turret  
  153  9:14  Missile Turret  
  153  9:23  Thor  
  159  9:31  Terran Vehicle And Ship Armor Level 1, Command Center  
  159  9:33  Missile Turret, Starport Reactor  
  159  9:35  Viking  
  159  9:36  Viking  
  159  9:37  Starport Reactor  
  157  9:47  Thor, Widow Mine x4  
  157  9:48  Widow Mine x2  
  175  9:59  Missile Turret  
  175  10:02  Terran Vehicle Weapons Level 2  
  175  10:03  Missile Turret  
  175  10:04  Missile Turret, Terran Ship Weapons Level 1  
  175  10:06  Widow Mine  
  177  10:08  Missile Turret  
  177  10:13  Viking  
  177  10:14  Viking  
  181  10:15  Widow Mine  
  179  10:35  Thor, Widow Mine x3  
  181  10:36  Widow Mine x2  
  189  10:59  Viking x4  
  189  11:02  Hellion  
  199  11:05  Refinery  
  199  11:07  Missile Turret x2  
  199  11:08  Refinery  
  199  11:10  Sensor Tower  
  197  11:11  Missile Turret  
  195  11:27  Planetary Fortress  
  195  11:31  Planetary Fortress  
  195  11:40  Viking x2  
  183  12:13  Widow Mine x3, Viking x6  
  178  12:24  Thor x2, Widow Mine x3  
  172  12:42  Widow Mine x2  
  174  12:54  Terran Ship Weapons Level 2, Terran Vehicle And Ship Armor Level 2  
  174  12:57  Missile Turret  
  174  13:03  Widow Mine x2  
  174  13:04  Widow Mine  
  174  13:05  Viking x2  
  184  13:08  Refinery  
  184  13:10  Widow Mine  
  184  13:12  Thor, Command Center x2  
  186  13:13  Refinery  
  192  13:26  Sensor Tower  
  166  13:54  Thor, Widow Mine x2  
  166  13:55  Thor, Widow Mine x3  
  180  14:01  Liberator x4  
  142  14:31  Widow Mine x2  
  142  14:32  Widow Mine x4  
  142  14:35  Orbital Command  
  154  14:43  Thor x2  
  166  14:49  Factory  
  166  14:50  Factory  
  164  14:58  Starport  
  164  14:59  Starport  
  164  15:00  Missile Turret  
  164  15:06  Liberator  
  156  15:07  Planetary Fortress  
  156  15:08  Liberator  
  156  15:09  Widow Mine x4  
  156  15:10  Widow Mine  
  156  15:11  Widow Mine  
  168  15:27  Liberator x4, SCV x2  
  176  15:30  Missile Turret  
  176  15:33  Refinery  
  176  15:34  Missile Turret  
  176  15:35  Sensor Tower  
  188  15:50  Refinery, Starport Tech Lab x2  
  188  15:56  SCV x4  
  188  15:57  SCV  
  191  16:17  Thor  
  191  16:18  Thor  
  195  16:21  Terran Vehicle Weapons Level 3  
  195  16:27  SCV x5  
  195  16:28  SCV  
  198  16:37  Cloaking Field  
  198  16:39  Terran Vehicle And Ship Armor Level 3  
  197  16:40  Terran Ship Weapons Level 3  
  196  16:57  Factory Tech Lab x2  
  196  17:06  Command Center  
  194  17:16  Command Center  
  194  17:17  Banshee x2  
  200  17:22  Fusion Core  
  200  17:28  Ghost Academy, Barracks x2  
  200  17:31  Barracks Tech Lab  
  199  17:50  SCV x2  
  199  17:51  SCV  
  200  18:09  Missile Turret  
  200  18:10  Missile Turret  
  200  18:11  Missile Turret  
  198  18:17  Barracks Tech Lab x2  
  198  18:18  Personal Cloaking  
  197  18:29  Hyperflight Rotors  
  197  18:30  Advanced Ballistics  
  197  18:34  Refinery  
  194  18:40  Orbital Command  
  179  19:08  Liberator  
  179  19:09  Liberator x5  
  177  19:17  SCV x4  
  196  19:44  Nuke  
  196  19:47  Missile Turret x2  
  196  19:51  Missile Turret  
  195  19:54  Refinery, Ghost x2  
  195  19:56  Planetary Fortress, Missile Turret  
  195  19:57  Sensor Tower  
  195  19:59  Missile Turret  
  199  20:02  Missile Turret  
  199  20:03  Sensor Tower  
  199  20:30  Liberator x2  
  199  20:31  Liberator x6  
  114  21:11  Thor x4  
  114  21:12  Widow Mine x6  
  114  21:16  Refinery  
  148  21:28  Ghost x3  
  154  21:37  Missile Turret  
  154  21:40  Widow Mine  
  154  21:41  Banshee x2  
  162  21:50  Hellion x5  
  172  21:54  Thor x2  
  172  21:55  Liberator x3  
  172  21:56  Liberator x2  
  191  22:19  Widow Mine  
  191  22:20  Widow Mine x5  
  200  22:29  Liberator  
  200  22:30  Liberator x2  
  196  22:38  Liberator  
  171  22:59  Widow Mine x2  
  171  23:00  Widow Mine x8  
  191  23:11  Liberator x2  
  191  23:22  Command Center  
  191  23:25  Command Center  
  191  23:28  Widow Mine  
  199  23:50  Missile Turret  
  196  24:31  Ghost x3, Liberator x3  
  181  24:32  Liberator x5  
  118  24:49  Widow Mine x2  
  118  24:50  Widow Mine x8  
  153  25:11  Ghost x2  
  157  25:18  Widow Mine x3  
  163  25:23  Liberator x4  
  163  25:24  Liberator x3  
  176  25:58  Planetary Fortress  
  176  26:00  Missile Turret  
  172  26:20  Cyclone x2  
  172  26:21  Hellion x5  
  172  26:22  Hellion x3  
  192  26:30  Planetary Fortress  
  192  26:32  Missile Turret  
  192  26:34  Missile Turret  
  190  26:42  Hellion x3  
  190  26:43  Hellion  
  198  26:52  Missile Turret x2  
  198  26:53  Missile Turret  
  198  26:54  Missile Turret  
  192  27:12  Widow Mine x3, Hellion  
  192  27:13  Widow Mine x2, Hellion x11  
  200  27:35  Infernal Pre-Igniter  
  200  27:48  Refinery  
  200  27:49  Command Center  
  200  27:53  Command Center  
  200  28:03  Missile Turret  
  200  28:04  Missile Turret  
  200  28:05  Missile Turret x2  
  200  28:33  Missile Turret x2  
  200  28:34  Missile Turret  
  200  28:49  Ghost  
  199  28:59  Missile Turret  
  199  29:00  Missile Turret  
  199  29:01  Missile Turret  
  199  29:03  Refinery  
  199  29:06  Building Armor  
  199  29:16  Missile Turret  
  194  29:18  Missile Turret  
  194  29:20  Liberator  
  194  29:21  Liberator x6  
  171  29:33  Ghost x2  
  171  29:34  Ghost  
  189  29:40  Orbital Command x2  
  188  30:02  Liberator  
  188  30:03  Liberator  
  176  30:20  Ghost x2  
  176  30:21  Ghost  
  186  30:23  Hellion x6  
  200  30:41  Missile Turret  
  200  30:44  Missile Turret  
  200  30:46  Hi-Sec Auto Tracking, Missile Turret  
  200  30:47  Missile Turret  
  200  30:48  Missile Turret  
  200  30:55  Widow Mine x2  
  199  31:02  Liberator x3  
  178  31:17  Widow Mine x3  
  178  31:18  Widow Mine x4  
  193  31:28  Liberator  
  170  31:44  Widow Mine x2  
  123  32:05  Viking x3  
  123  32:06  Viking  
  122  32:22  Viking x2  
  126  32:23  Viking  
  126  32:24  Hellion x9  
  146  32:49  Hellion x3  
  146  32:50  Hellion x4  
  146  32:51  Viking x4  
  168  33:04  Viking x2  
  165  33:15  Widow Mine x5  
  173  33:35  Viking x2  
  173  33:37  Hellion x4  
  182  34:05  Viking  
  182  34:06  Hellion x4  
  157  34:33  Viking x3  
  136  34:46  Nuke  
  132  34:57  Widow Mine x5  
Show
View Real Time Build Order
Export as new Build Order

BowmanSX Protoss - Winner!

Build Orders: Phoenix Opening 

Get SALT Encoding   

  12  0:01  Probe (Chrono Boost)  
  13  0:11  Probe (Chrono Boost)  
  14  0:19  Pylon  
  14  0:23  Probe (Chrono Boost)  
  15  0:35  Assimilator  
  15  0:37  Probe (Chrono Boost)  
  16  0:48  Probe (Chrono Boost)  
  17  0:58  Probe (Chrono Boost)  
  18  1:06  Nexus  
  18  1:09  Probe (Chrono Boost)  
  19  1:18  Gateway  
  19  1:21  Probe (Chrono Boost)  
  20  1:26  Assimilator  
  20  1:32  Probe (Chrono Boost)  
  21  1:42  Probe (Chrono Boost), Pylon  
  22  1:50  Gateway  
  22  1:53  Probe (Chrono Boost)  
  23  2:03  Probe (Chrono Boost)  
  23  2:06  Cybernetics Core  
  24  2:12  Zealot (Chrono Boost)  
  24  2:14  Probe (Chrono Boost)  
  27  2:19  Probe (Chrono Boost)  
  28  2:26  Probe (Chrono Boost)  
  29  2:31  Probe (Chrono Boost)  
  30  2:37  Probe (Chrono Boost)  
  30  2:42  Probe (Chrono Boost)  
  32  2:44  Stalker  
  32  2:48  Probe (Chrono Boost)  
  35  2:52  Probe (Chrono Boost)  
  35  2:54  Sentry  
  39  2:58  Probe (Chrono Boost)  
  39  3:02  Stargate  
  39  3:03  Probe (Chrono Boost)  
  40  3:09  Probe (Chrono Boost)  
  41  3:14  Warp Gate  
  41  3:18  Nexus  
  41  3:19  Probe (Chrono Boost)  
  42  3:21  Probe (Chrono Boost)  
  42  3:26  Pylon  
  43  3:30  Mothership Core (Chrono Boost)  
  45  3:35  Probe (Chrono Boost)  
  46  3:44  Assimilator  
  46  3:45  Probe (Chrono Boost)  
  46  3:46  Assimilator  
  46  3:47  Phoenix  
  49  3:49  Probe (Chrono Boost)  
  49  3:55  Twilight Council  
  50  3:56  Probe (Chrono Boost)  
  50  3:59  Probe (Chrono Boost)  
  50  4:01  Pylon  
  52  4:06  Probe (Chrono Boost)  
  54  4:10  Probe (Chrono Boost)  
  54  4:18  Phoenix  
  54  4:19  Probe (Chrono Boost)  
  54  4:20  Probe (Chrono Boost)  
  58  4:25  Forge  
  58  4:27  Gateway  
  58  4:29  Probe (Chrono Boost), Blink, Gateway  
  58  4:31  Probe x2 (Chrono Boost)  
  61  4:40  Probe (Chrono Boost)  
  61  4:41  Probe (Chrono Boost)  
  61  4:42  Probe (Chrono Boost)  
  61  4:44  Phoenix  
  66  4:56  Probe x2 (Chrono Boost)  
  68  5:04  Protoss Ground Weapons Level 1 (Chrono Boost)  
  68  5:05  Probe (Chrono Boost)  
  68  5:07  Probe (Chrono Boost)  
  70  5:12  Gateway  
  70  5:13  Probe (Chrono Boost), Gateway  
  71  5:14  Phoenix  
  71  5:15  Probe (Chrono Boost), Gateway  
  74  5:23  Pylon  
  74  5:25  Probe x2 (Chrono Boost), Pylon  
  76  5:32  Probe (Chrono Boost)  
  76  5:34  Assimilator  
  77  5:38  Templar Archives  
  77  5:39  Phoenix, Assimilator  
  77  5:41  Probe x2 (Chrono Boost), Pylon  
  77  5:42  Protoss Air Weapons Level 1  
  81  5:45  Probe (Chrono Boost)  
  82  6:07  Stalker x4  
  82  6:10  Pylon  
  90  6:12  Pylon  
  90  6:13  Pylon  
  90  6:14  Robotics Facility  
  90  6:15  Phoenix  
  90  6:24  Pylon  
  90  6:25  Pylon  
  92  6:26  Probe  
  92  6:27  Probe x2  
  92  6:28  Stalker x3  
  92  6:32  Stalker x3  
  105  6:37  Resonating Glaives  
  107  6:43  Stalker  
  107  6:46  Pylon  
  109  6:52  Protoss Ground Weapons Level 2 (Chrono Boost)  
  109  6:53  Nexus  
  109  7:12  Warp Prism  
  109  7:15  Stargate, Fleet Beacon  
  111  7:20  Photon Cannon x2  
  111  7:21  Photon Cannon  
  111  7:22  Photon Cannon  
  111  7:23  Photon Cannon  
  111  7:24  Probe x2  
  111  7:29  Assimilator  
  113  7:33  Assimilator  
  113  7:43  High Templar  
  115  7:44  High Templar  
  117  7:55  Probe x2  
  119  8:02  Phoenix  
  119  8:04  Charge  
  119  8:06  Phoenix  
  123  8:16  Pylon, Stalker x2  
  123  8:19  Pylon  
  117  8:22  Probe  
  117  8:23  Probe x3  
  121  8:28  Protoss Air Weapons Level 2 (Chrono Boost)  
  121  8:31  Anion Pulse-Crystals  
  119  8:35  Stalker x3  
  125  8:44  Protoss Ground Armor Level 1 (Chrono Boost)  
  125  8:45  Tempest  
  123  8:49  Probe x2  
  123  8:51  Archon  
  123  8:53  Zealot x4  
  137  9:01  Probe  
  137  9:02  Probe x2  
  140  9:07  Probe  
  141  9:10  Tempest  
  145  9:22  Tempest  
  149  9:34  Photon Cannon  
  149  9:38  Pylon  
  149  9:42  Stalker x3  
  149  9:43  Stalker x3  
  161  9:53  Tempest  
  165  10:01  Immortal  
  165  10:04  Robotics Facility  
  169  10:09  Psionic Storm  
  159  10:22  Adept x3, Nexus  
  159  10:23  Pylon  
  160  10:32  Probe  
  152  10:36  Probe x3  
  152  10:40  Assimilator  
  155  10:44  Probe  
  155  10:46  Assimilator  
  155  10:47  Immortal (Chrono Boost)  
  155  10:48  Probe  
  161  10:52  Immortal (Chrono Boost)  
  161  10:53  High Templar x5  
  161  10:56  Probe, High Templar x2  
  180  11:00  Archon x2  
  180  11:01  Archon  
  180  11:03  Probe x3  
  183  11:08  Probe  
  184  11:11  Carrier  
  184  11:15  Probe x2  
  180  11:25  Protoss Air Weapons Level 3 (Chrono Boost)  
  180  11:31  Protoss Ground Weapons Level 3  
  180  11:33  Photon Cannon  
  180  11:35  Photon Cannon  
  180  11:37  Pylon  
  166  12:05  Observer (Chrono Boost)  
  166  12:07  Carrier  
  151  12:12  Immortal (Chrono Boost)  
  129  12:34  Carrier  
  125  12:43  High Templar x2  
  121  12:44  Stalker x5  
  121  12:46  Probe  
  121  12:47  Probe x3  
  121  12:48  Probe  
  142  12:57  Immortal  
  142  12:59  Mothership Core  
  142  13:02  Immortal  
  142  13:03  Archon  
  152  13:06  Dark Shrine  
  152  13:13  High Templar  
  152  13:14  Stalker  
  152  13:15  Stalker x3  
  162  13:20  Archon  
  162  13:23  Stalker x2  
  166  13:34  Observer  
  166  13:37  Probe x2, Pylon  
  133  13:50  Immortal  
  133  13:52  Immortal  
  133  13:54  Stalker x3  
  133  13:55  Stalker x4  
  122  14:26  Observer  
  111  14:32  Observer  
  111  14:37  Nexus  
  112  14:42  Stalker x6  
  112  14:43  Stalker  
  112  14:45  Observer  
  130  14:52  Probe x2  
  131  14:53  Probe  
  131  14:54  Protoss Shields Level 1  
  131  14:55  Immortal  
  136  15:01  Immortal  
  136  15:06  Pylon  
  140  15:17  Stalker x7  
  140  15:20  Probe x2  
  156  15:28  Photon Cannon  
  156  15:34  Assimilator  
  156  15:35  Immortal  
  156  15:38  Immortal  
  156  15:40  Phoenix x2  
  168  15:47  Stalker x2  
  172  15:59  Nexus  
  172  16:09  Warp Prism  
  164  16:24  Tempest  
  164  16:25  Tempest  
  172  16:35  Stargate  
  172  16:36  Photon Cannon  
  172  16:37  Photon Cannon  
  172  16:41  Photon Cannon  
  172  16:42  Assimilator  
  166  17:12  Immortal  
  166  17:13  Carrier  
  166  17:16  Assimilator  
  166  17:17  Nexus  
  166  17:18  Immortal  
  166  17:19  Pylon  
  166  17:21  Assimilator  
  174  17:24  Carrier  
  174  17:25  Assimilator  
  174  17:27  Protoss Ground Armor Level 2  
  186  17:33  Adept  
  186  17:34  Adept x2  
  186  17:36  Zealot  
  194  17:48  Photon Cannon  
  194  17:51  Photon Cannon  
  194  17:52  Pylon  
  188  18:07  Stalker x2  
  188  18:08  Stalker x4  
  200  18:22  Photon Cannon  
  200  18:26  Photon Cannon  
  196  18:49  Carrier x2  
  188  19:00  Carrier  
  187  19:15  Stalker x3  
  187  19:16  Protoss Air Armor Level 1 (Chrono Boost)  
  183  19:22  Stalker x4  
  191  19:28  Assimilator  
  181  19:50  Stargate  
  181  19:52  Warp Prism, Stargate  
  179  19:58  Immortal  
  183  20:04  Robotics Bay  
  183  20:09  Tempest x2  
  183  20:21  Protoss Shields Level 2 (Chrono Boost)  
  191  20:25  Tempest  
  189  20:45  High Templar x3  
  189  20:53  Carrier x2  
  189  20:54  Carrier  
  191  21:10  Observer  
  188  21:34  Nexus  
  188  21:37  Assimilator  
  188  21:39  Gravitic Drive (Chrono Boost)  
  188  21:40  Assimilator  
  188  21:42  Pylon  
  188  21:44  Pylon  
  188  21:46  Pylon  
  188  21:49  Pylon  
  188  21:50  Probe x2  
  190  22:00  Protoss Air Armor Level 2  
  190  22:04  High Templar x2  
  192  22:11  Stalker  
  192  22:12  Stalker x2  
  197  22:30  Observer Gravitic Boosters (Chrono Boost)  
  197  23:00  Warp Prism (Chrono Boost)  
  197  23:02  Observer (Chrono Boost)  
  200  23:09  Robotics Facility  
  200  23:11  Stargate  
  200  23:26  Protoss Shields Level 3  
  198  23:54  Stalker  
  189  24:12  Tempest x2  
  189  24:13  Phoenix  
  189  24:14  Phoenix  
  191  24:17  Phoenix  
  189  24:31  Observer (Chrono Boost)  
  189  24:34  Carrier x2, Observer (Chrono Boost)  
  177  24:45  Carrier  
  155  24:50  Observer (Chrono Boost)  
  168  24:55  Carrier  
  156  26:20  High Templar x6  
  168  26:42  Nexus  
  168  26:44  Pylon  
  168  26:50  Dark Templar  
  168  26:52  Adept  
  168  26:53  Adept  
  168  27:10  High Templar x4  
  168  27:15  Archon x2  
  176  27:16  Archon  
  176  27:25  Assimilator x2  
  188  27:38  Phoenix (Chrono Boost)  
  188  27:39  Phoenix (Chrono Boost)  
  188  27:41  Phoenix (Chrono Boost), Tempest (Chrono Boost)  
  188  27:42  Phoenix (Chrono Boost)  
  188  27:53  Probe  
  189  28:03  Probe, Photon Cannon  
  190  28:06  Photon Cannon  
  190  28:21  Oracle (Chrono Boost)  
  190  28:26  Oracle x2 (Chrono Boost)  
  196  28:54  Phoenix x2 (Chrono Boost)  
  173  29:34  High Templar x2  
  173  29:35  High Templar  
  173  29:36  Stalker x2  
  173  29:37  Stalker x2  
  176  30:11  Tempest (Chrono Boost)  
  176  30:12  Probe, Tempest (Chrono Boost)  
  196  30:17  Tempest x2 (Chrono Boost)  
  196  30:18  Tempest (Chrono Boost)  
  197  30:23  Probe, Protoss Air Armor Level 3  
  198  30:30  High Templar  
  198  31:24  Tempest (Chrono Boost)  
  196  31:50  Tempest (Chrono Boost)  
  180  31:57  Tempest (Chrono Boost)  
  170  32:03  Tempest x2 (Chrono Boost)  
  166  32:38  Zealot x5  
  166  32:39  Zealot x2  
  175  32:53  Pylon  
  174  33:04  Observer  
  158  33:07  Observer  
  158  33:15  Stalker x5  
  150  33:33  Adept x2  
  154  33:50  Warp Prism  
  158  34:02  Immortal  
  162  34:11  Void Ray (Chrono Boost)  
  147  34:40  Immortal  
  150  34:46  Immortal  
  150  34:51  Zealot x7  
Tags
 
Add a new tag
Caveats
  • Supply blocks, unpowered buildings, or Contaminate may cause inaccurate times.
  • Supply counts are checked every 10 seconds.